TOP OF THE 1ST |
Marquette Miners batting - Pitching for Long Island Seawolves : RHP Jim Unknown
|
Pitching: RHP Jim Unknown
|
|
Batting: RHB Harvey Spectre
|
0-0: Ball 1-0: Foul Ball, location: 2F 1-1: Called Strike 1-2: Foul Ball, location: 2F 1-2: Foul Ball, location: 2F 1-2: Strikes out looking
|
Batting: LHB Greg Gross
|
0-0: Called Strike 0-1: Ball 1-1: Foul Ball, location: 2F 1-2: Ball 2-2: Ground out 6-3 (Groundball, 6)
|
Batting: LHB Locke Lamora
|
0-0: Ball 1-0: Ball 2-0: Called Strike 2-1: Called Strike 2-2: Ball 3-2: Foul Ball, location: 2F 3-2: Base on Balls
|
Batting: RHB Gerald Ambler
|
0-0: Ball Locke Lamora steals 2nd base 1-0: Ball 2-0: Ball 3-0: Base on Balls
|
Batting: RHB Isaac Downey
|
0-0: Fly out, F6 (Popup, 5D)
|
Top of the 1st over - 0 run(s), 0 hit(s), 0 error(s), 2 left on base; Marquette 0 - Long Island 0 |
BOTTOM OF THE 1ST |
Long Island Seawolves batting - Pitching for Marquette Miners : LHP Luis Ortíz
|
Pitching: LHP Luis Ortíz
|
|
Batting: LHB Joe Sutton
|
0-0: Ball 1-0: Called Strike 1-1: Fly out, F9 (Flyball, 89S)
|
Batting: LHB Keith Alexander
|
0-0: Ball 1-0: Ground out 4-3 (Groundball, 4MS)
|
Batting: RHB José Magana
|
0-0: Swinging Strike 0-1: Ball 1-1: Ball 2-1: Ground out 6-3 (Groundball, 6)
|
Bottom of the 1st over - 0 run(s), 0 hit(s), 0 error(s), 0 left on base; Marquette 0 - Long Island 0 |
TOP OF THE 2ND |
Marquette Miners batting - Pitching for Long Island Seawolves : RHP Jim Unknown
|
Batting: LHB Ramón Hernández
|
0-0: Ball 1-0: Foul Ball, location: 2F 1-1: Ball 2-1: Foul Ball, location: 2F 2-2: Foul Ball, location: 2F 2-2: Ground out 1-3 (Groundball, P)
|
Batting: RHB Jesús López
|
0-0: Ball 1-0: Ball 2-0: Fly out, F9 (Flyball, 9LS)
|
Batting: LHB Propsero Lavin
|
0-0: Ball 1-0: Called Strike 1-1: Ball 2-1: Foul Ball, location: 2F 2-2: Strikes out looking
|
Top of the 2nd over - 0 run(s), 0 hit(s), 0 error(s), 0 left on base; Marquette 0 - Long Island 0 |
BOTTOM OF THE 2ND |
Long Island Seawolves batting - Pitching for Marquette Miners : LHP Luis Ortíz
|
Batting: RHB Jim Unknown
|
0-0: Called Strike 0-1: Ground out 6-3 (Groundball, 6)
|
Batting: SHB Britt Ducker
|
0-0: Swinging Strike 0-1: Ball 1-1: Fly out, F7 (Flyball, 7LS)
|
Batting: RHB Sang Hong-Do
|
0-0: Ball 1-0: Called Strike 1-1: Swinging Strike 1-2: Ground out 4-3 (Groundball, 4)
|
Bottom of the 2nd over - 0 run(s), 0 hit(s), 0 error(s), 0 left on base; Marquette 0 - Long Island 0 |
TOP OF THE 3RD |
Marquette Miners batting - Pitching for Long Island Seawolves : RHP Jim Unknown
|
Batting: LHB Dong-hwan Yun
|
0-0: Foul Ball, location: 2F 0-1: Ball 1-1: Foul Ball, location: 2F 1-2: Strikes out looking
|
Batting: RHB Harvey Spectre
|
0-0: Swinging Strike 0-1: SINGLE (Line Drive, 8LS)
|
Batting: LHB Greg Gross
|
0-0: Called Strike 0-1: Foul Ball, location: 2F 0-2: Strikes out looking
|
Batting: LHB Locke Lamora
|
0-0: Ball 1-0: 2-RUN HOME RUN (Flyball, 89XD), Distance : 375 ft
|
Batting: RHB Gerald Ambler
|
0-0: Ball 1-0: Swinging Strike 1-1: Called Strike 1-2: Foul Ball, location: 2F 1-2: Strikes out swinging
|
Top of the 3rd over - 2 run(s), 2 hit(s), 0 error(s), 0 left on base; Marquette 2 - Long Island 0 |
BOTTOM OF THE 3RD |
Long Island Seawolves batting - Pitching for Marquette Miners : LHP Luis Ortíz
|
Batting: RHB Fred Burt
|
0-0: Foul Ball, location: 2F 0-1: Foul Ball, location: 2F 0-2: Strikes out swinging
|
Batting: RHB Geoffrey Broekhuizen
|
0-0: Ball 1-0: Ball 2-0: Called Strike 2-1: Ball 3-1: SINGLE (Line Drive, 89S)
|
Batting: RHB Thomas Campbell
|
0-0: Foul Ball, location: 2F 0-1: Grounds into double play, 5-4-3 (Groundball, 5)
|
Bottom of the 3rd over - 0 run(s), 1 hit(s), 0 error(s), 0 left on base; Marquette 2 - Long Island 0 |
TOP OF THE 4TH |
Marquette Miners batting - Pitching for Long Island Seawolves : RHP Jim Unknown
|
Batting: RHB Isaac Downey
|
0-0: Swinging Strike 0-1: Swinging Strike 0-2: Ball 1-2: Foul Ball, location: 2F 1-2: Ball 2-2: Ball 3-2: Ground out 6-3 (Groundball, 6)
|
Batting: LHB Ramón Hernández
|
0-0: Ball 1-0: Ball 2-0: Foul Ball, location: 2F 2-1: Ball 3-1: SINGLE (Groundball, 4MD)
|
Batting: RHB Jesús López
|
0-0: Ball 1-0: Ball 2-0: Ball 3-0: Called Strike 3-1: Fly out, F7 (Flyball, 78M)
|
Batting: LHB Propsero Lavin
|
0-0: Ball 1-0: Foul Ball, location: 2F 1-1: Fly out, F5 (Line Drive, 6S)
|
Top of the 4th over - 0 run(s), 1 hit(s), 0 error(s), 1 left on base; Marquette 2 - Long Island 0 |
BOTTOM OF THE 4TH |
Long Island Seawolves batting - Pitching for Marquette Miners : LHP Luis Ortíz
|
Batting: LHB Joe Sutton
|
0-0: Called Strike 0-1: Called Strike 0-2: Ball 1-2: Strikes out swinging
|
Batting: LHB Keith Alexander
|
0-0: Called Strike 0-1: Ball 1-1: Ball 2-1: Ball 3-1: Foul Ball, location: 2F 3-2: SINGLE (Line Drive, 6)
|
Batting: RHB José Magana
|
0-0: Called Strike 0-1: Ball 1-1: Fly out, F9 (Flyball, 89S)
|
Batting: RHB Jim Unknown
|
0-0: Ball 1-0: Ball 2-0: Foul Ball, location: 2F 2-1: Ball 3-1: Ground out 6-3 (Groundball, 6S)
|
Bottom of the 4th over - 0 run(s), 1 hit(s), 0 error(s), 1 left on base; Marquette 2 - Long Island 0 |
TOP OF THE 5TH |
Marquette Miners batting - Pitching for Long Island Seawolves : RHP Jim Unknown
|
Batting: LHB Dong-hwan Yun
|
0-0: Ball 1-0: Ball 2-0: TRIPLE (Line Drive, 9)
|
Batting: RHB Harvey Spectre
|
0-0: Ball 1-0: Ball Passed Ball! Dong-hwan Yun scores 2-0: Called Strike 2-1: Foul Ball, location: 2F 2-2: SINGLE (Line Drive, 9S)
|
Batting: LHB Greg Gross
|
0-0: Bunted foul 0-1: Sac Bunt - play at second, runner OUT! 3-6
|
Batting: LHB Locke Lamora
|
0-0: Called Strike 0-1: Ball 1-1: SINGLE (Groundball, 34) (infield hit) Greg Gross to second
|
Batting: RHB Gerald Ambler
|
0-0: Ball 1-0: Fly out, F8 (Flyball, 8LM)
|
Batting: RHB Isaac Downey
|
0-0: Swinging Strike 0-1: Ball 1-1: SINGLE (Groundball, 34D) Greg Gross to third Locke Lamora to second Runner from 3rd tries for Home, SAFE, no throw
|
Batting: LHB Ramón Hernández
|
0-0: Called Strike 0-1: Swinging Strike 0-2: Fly out, F5 (Line Drive, 56)
|
Top of the 5th over - 2 run(s), 4 hit(s), 0 error(s), 2 left on base; Marquette 4 - Long Island 0 |
BOTTOM OF THE 5TH |
Long Island Seawolves batting - Pitching for Marquette Miners : LHP Luis Ortíz
|
Batting: SHB Britt Ducker
|
0-0: Ground out 6-3 (Groundball, 6)
|
Batting: RHB Sang Hong-Do
|
0-0: Called Strike 0-1: Ball 1-1: Ground out 4-3 (Groundball, 4)
|
Batting: RHB Fred Burt
|
0-0: SINGLE (Flyball, 9LM)
|
Batting: RHB Geoffrey Broekhuizen
|
0-0: Ball 1-0: Foul Ball, location: 2F 1-1: Ball 2-1: Foul Ball, location: 2F 2-2: Fly out, F3 (Popup, 3)
|
Bottom of the 5th over - 0 run(s), 1 hit(s), 0 error(s), 1 left on base; Marquette 4 - Long Island 0 |
TOP OF THE 6TH |
Marquette Miners batting - Pitching for Long Island Seawolves : RHP Jim Unknown
|
Batting: RHB Jesús López
|
0-0: Foul Ball, location: 2F 0-1: Ball 1-1: Fly out, F9 (Flyball, 9LS)
|
Batting: LHB Propsero Lavin
|
0-0: Swinging Strike 0-1: Ball 1-1: Swinging Strike 1-2: Ball 2-2: Strikes out looking
|
Batting: LHB Dong-hwan Yun
|
0-0: Called Strike 0-1: Foul Ball, location: 2F 0-2: Ground out 5-3 (Groundball, 56)
|
Top of the 6th over - 0 run(s), 0 hit(s), 0 error(s), 0 left on base; Marquette 4 - Long Island 0 |
BOTTOM OF THE 6TH |
Long Island Seawolves batting - Pitching for Marquette Miners : LHP Luis Ortíz
|
Batting: RHB Thomas Campbell
|
0-0: Swinging Strike 0-1: Ball 1-1: Fly out, F7 (Line Drive, 7)
|
Batting: LHB Joe Sutton
|
0-0: Ball 1-0: Foul Ball, location: 2F 1-1: Foul Ball, location: 2F 1-2: Foul Ball, location: 2F 1-2: Foul Ball, location: 2F 1-2: Ball 2-2: SINGLE (Groundball, 4D)
|
Batting: LHB Keith Alexander
|
0-0: Foul Ball, location: 2F 0-1: Called Strike 0-2: Ball 1-2: SINGLE (Line Drive, 6D) Joe Sutton to second
|
Batting: RHB José Magana
|
0-0: Called Strike 0-1: Called Strike 0-2: Ball 1-2: Ball 2-2: Strikes out swinging
|
Batting: RHB Jim Unknown
|
0-0: Called Strike 0-1: Ball 1-1: Called Strike 1-2: Ball 2-2: Strikes out looking
|
Bottom of the 6th over - 0 run(s), 2 hit(s), 0 error(s), 2 left on base; Marquette 4 - Long Island 0 |
TOP OF THE 7TH |
Marquette Miners batting - Pitching for Long Island Seawolves : RHP Jim Unknown
|
Batting: RHB Harvey Spectre
|
0-0: Called Strike 0-1: Called Strike 0-2: Ball 1-2: SOLO HOME RUN (Flyball, 7D), Distance : 340 ft
|
Pitching: RHP Jim Unknown
|
|
Batting: LHB Greg Gross
|
0-0: Foul Ball, location: 2F 0-1: Ball 1-1: Called Strike 1-2: Ball 2-2: Foul Ball, location: 2F 2-2: Ground out 6-3 (Groundball, 6S)
|
Batting: LHB Locke Lamora
|
0-0: Ball 1-0: DOUBLE (Flyball, 7LD)
|
Batting: RHB Gerald Ambler
|
0-0: Called Strike 0-1: Ball 1-1: Ball 2-1: Fly out, F9 (Flyball, 9S)
|
Batting: RHB Isaac Downey
|
0-0: Called Strike 0-1: Foul Ball, location: 2F 0-2: SINGLE (Flyball, 89S) Locke Lamora to third Runner from 3rd tries for Home, SAFE, no throw
|
Batting: LHB Ramón Hernández
|
0-0: SINGLE (Flyball, 7S) Isaac Downey to second
|
Batting: RHB Jesús López
|
0-0: Called Strike 0-1: Ball 1-1: Ball 2-1: Ball 3-1: Ground out U3 (Groundball, 34)
|
Top of the 7th over - 2 run(s), 4 hit(s), 0 error(s), 2 left on base; Marquette 6 - Long Island 0 |
BOTTOM OF THE 7TH |
Long Island Seawolves batting - Pitching for Marquette Miners : LHP Luis Ortíz
|
Batting: SHB Britt Ducker
|
0-0: Ball 1-0: Swinging Strike 1-1: Ball 2-1: Ground out 5-3 (Groundball, 56)
|
Batting: RHB Sang Hong-Do
|
0-0: Ball 1-0: Ball 2-0: Swinging Strike 2-1: Ground out 6-3 (Groundball, 6)
|
Batting: RHB Fred Burt
|
0-0: Ball 1-0: Foul Ball, location: 2F 1-1: Swinging Strike Error on foul ball, E2 1-2: Foul Ball, location: 2F 1-2: Foul Ball, location: 2F 1-2: Foul Ball, location: 2F 1-2: Ball 2-2: SINGLE (Groundball, 6MD)
|
Batting: RHB Geoffrey Broekhuizen
|
0-0: Called Strike 0-1: Ball 1-1: Swinging Strike 1-2: Foul Ball, location: 2F 1-2: Ball 2-2: Ball 3-2: Base on Balls Fred Burt to second
|
Batting: RHB Thomas Campbell
|
0-0: Called Strike 0-1: Ball 1-1: Ball 2-1: Ball 3-1: Fly out, F8 (Flyball, 78D)
|
Bottom of the 7th over - 0 run(s), 1 hit(s), 1 error(s), 2 left on base; Marquette 6 - Long Island 0 |
TOP OF THE 8TH |
Marquette Miners batting - Pitching for Long Island Seawolves : RHP Jim Unknown
|
Batting: LHB Propsero Lavin
|
0-0: Swinging Strike 0-1: Ball 1-1: Ground out 4-3 (Groundball, 4S)
|
Batting: LHB Dong-hwan Yun
|
0-0: Ground out 5-3 (Groundball, 56)
|
Batting: RHB Harvey Spectre
|
0-0: Ball 1-0: Ball 2-0: SINGLE (Line Drive, 9S)
|
Batting: LHB Greg Gross
|
0-0: Called Strike 0-1: Foul Ball, location: 2F 0-2: Strikes out swinging
|
Top of the 8th over - 0 run(s), 1 hit(s), 0 error(s), 1 left on base; Marquette 6 - Long Island 0 |
BOTTOM OF THE 8TH |
Long Island Seawolves batting - Pitching for Marquette Miners : LHP Luis Ortíz
|
Now at 1B: Octávio Zúńiga
|
|
Batting: LHB Joe Sutton
|
0-0: Ball 1-0: Foul Ball, location: 2F 1-1: Ball 2-1: Ball 3-1: Swinging Strike 3-2: Fly out, F3 (Line Drive, 3)
|
Batting: LHB Keith Alexander
|
0-0: Swinging Strike 0-1: Fly out, F3 (Flyball, 3DF)
|
Batting: RHB José Magana
|
0-0: Foul Ball, location: 2F 0-1: Ball 1-1: Ball 2-1: Foul Ball, location: 2F 2-2: Strikes out looking
|
Bottom of the 8th over - 0 run(s), 0 hit(s), 0 error(s), 0 left on base; Marquette 6 - Long Island 0 |
TOP OF THE 9TH |
Marquette Miners batting - Pitching for Long Island Seawolves : RHP Jim Unknown
|
Pitching: LHP Jim Unknown
|
|
Batting: LHB Locke Lamora
|
0-0: Ball 1-0: Foul Ball, location: 2F 1-1: Foul Ball, location: 2F 1-2: Ball 2-2: Strikes out looking
|
Batting: RHB Gerald Ambler
|
0-0: Ball 1-0: Ball 2-0: Ball 3-0: Base on Balls
|
Batting: RHB Isaac Downey
|
0-0: Called Strike 0-1: Ball 1-1: Ball 2-1: Swinging Strike 2-2: Ball 3-2: Foul Ball, location: 2F 3-2: Strikes out swinging
|
Batting: LHB Ramón Hernández
|
0-0: Called Strike 0-1: Swinging Strike 0-2: Strikes out looking
|
Top of the 9th over - 0 run(s), 0 hit(s), 0 error(s), 1 left on base; Marquette 6 - Long Island 0 |
BOTTOM OF THE 9TH |
Long Island Seawolves batting - Pitching for Marquette Miners : LHP Luis Ortíz
|
Pitching: LHP Don Bender
|
|
Batting: RHB Jim Unknown
|
0-0: Ball 1-0: Ball 2-0: Ball 3-0: Base on Balls
|
Batting: SHB Britt Ducker
|
0-0: Ball 1-0: Called Strike 1-1: Fly out, F2 (Popup, 13)
|
Batting: RHB Sang Hong-Do
|
0-0: Fielders Choice at 2nd, 1-6 (Groundball, 13S)
|
Batting: RHB Fred Burt
|
0-0: Ball 1-0: Ball 2-0: Ball 3-0: Base on Balls Sang Hong-Do to second
|
Pitching: LHP Joaquín Velázquez
|
|
Batting: RHB Geoffrey Broekhuizen
|
0-0: Called Strike 0-1: Ball 1-1: Swinging Strike 1-2: Strikes out swinging
|
Bottom of the 9th over - 0 run(s), 0 hit(s), 0 error(s), 2 left on base; Marquette 6 - Long Island 0 |
|